 Dungeon Crawl Stone Soup version 0.20.0 (webtiles) character file.

3905 Llamajah the Ducker (level 10, -4/79 HPs)
             Began as a Formicid Fighter on June 19, 2017.
             Was a Priest of Okawaru.
             Killed by divine providence
             ... invoked by an orc priest
              (12 damage)
             ... on level 8 of the Dungeon.
             The game lasted 00:20:16 (6896 turns).

Llamajah the Ducker (Formicid Fighter)              Turns: 6896, Time: 00:20:17

Health: -4/79      AC: 13    Str: 28    XL:     10   Next: 43%
Magic:  10/10      EV: 11    Int:  9    God:    Okawaru [***...]
Gold:   381        SH: 11    Dex: 10    Spells: 9/9 levels left

rFire    . . .     SeeInvis +   C - +0 broad axe
rCold    . . .     Gourm    .   c - +0 shield
rNeg     . . .     Faith    +   n - +0 chain mail
rPois    .         Spirit   .   (helmet unavailable)
rElec    .         Reflect  .   H - +0 cloak
rCorr    .         Harm     .   L - +0 pair of gloves
MR       +....                  (no boots)
Stlth    ..........             P - amulet of faith
Regen    0.3/turn               (no ring)
MPRegen  0.2/turn               (no ring)

@: mighty
A: permanent stasis, dig shafts and tunnels, four strong arms, antennae 3
a: Dig, Shaft Self, Heroism, Renounce Religion


You were on level 8 of the Dungeon.
You worshipped Okawaru.
Okawaru was most pleased with you.
You were not hungry.

You visited 1 branch of the dungeon, and saw 8 of its levels.

You collected 381 gold pieces.

Inventory:

Hand Weapons
 C - a +0 broad axe (weapon)
Armour
 c - a +0 shield (worn)
 n - a +0 chain mail (worn)
 H - a +0 cloak (worn)
 L - a +0 pair of gloves (worn)
Jewellery
 P - an amulet of faith (around neck)
Wands
 r - a wand of flame (13/48)
 s - a wand of polymorph (7/24)
 F - a wand of random effects (21/48)
 G - a wand of iceblast (6/15)
 I - a wand of acid (0/15)
 N - a wand of flame (33/48)
 Q - a wand of flame (27/48)
Scrolls
 b - 2 scrolls of teleportation {unknown}
 e - 3 scrolls of recharging {unknown}
 k - 2 scrolls of blinking {unknown}
 m - 2 scrolls of fear {unknown}
 o - 8 scrolls of identify {unknown}
 t - 4 scrolls of enchant armour {unknown}
 v - 2 scrolls of random uselessness {unknown}
 w - a scroll of acquirement {unknown}
 x - a scroll of enchant weapon {unknown}
 y - 6 scrolls of remove curse {unknown}
 J - 2 scrolls of magic mapping {unknown}
Potions
 a - 2 potions of flight {unknown}
 d - 2 potions of might
 g - 5 potions of degeneration {unknown}
 h - 7 potions of curing {unknown}
 j - a potion of brilliance {unknown}
 l - 2 potions of ambrosia {unknown}
 q - a potion of invisibility {unknown}
 u - 3 potions of heal wounds {unknown}
 A - a potion of resistance {unknown}
 B - a potion of lignification {unknown}
 D - a potion of mutation {unknown}
 E - a potion of berserk rage {unknown}
 K - 3 potions of agility {unknown}
 M - a potion of haste
 O - a potion of magic {unknown}
Comestibles
 f - 4 bread rations
 i - 39 fruits
 p - 2 meat rations
 z - 4 royal jellies


   Skills:
 + Level 7.3 Fighting
 + Level 6.1 Axes
 + Level 7.3 Armour
 * Level 7.7 Dodging
 + Level 7.4 Shields


You had 9 spell levels left.
You didn't know any spells.

Dungeon Overview and Level Annotations

Branches:
Dungeon (8/15)             Temple (0/1) D:7
   Lair: D:8-11

Altars:
Fedhas
Hepliaklqana
Kikubaaqudgha
Makhleb
Okawaru
The Shining One


Innate Abilities, Weirdness & Mutations

You cannot be hasted, slowed, berserked, paralysed or teleported.
You can dig through walls and to a lower floor.
Your four strong arms can wield two-handed weapons with a shield.
You have a pair of large antennae on your head. (SInv)


Message History

a giant club x2; a two-headed ogre corpse You see here a quokka corpse.
You butcher the quokka corpse.
You see here 2 chunks of flesh.
An orc priest comes into view. It is wielding a dagger.
The orc priest shouts!
The orc priest invokes the aid of Beogh against you.
Beogh smites you!
* * * LOW HITPOINT WARNING * * *
The hound misses you.
Things that are here:
a giant club x2; a two-headed ogre corpse You miss the hound.
The hound barely misses you.
The orc priest looks satisfied for a moment.
Okay, then.
You block the hound's attack.
You see here 2 chunks of flesh.
The orc priest mumbles some strange prayers to Beogh against you.
Beogh smites you!
You die...

# ###.# ##.##..## .....
#.## # ## . ... ....# ##.#
..#. . # .. #... #..# #..
. .# .. #..###..# #.# .
... . #..#..######.# . ...
#. ##......#....## . ..
#.# #......)...#..###. .
##..#####@#...#.....#.....
.#
#.o...)%h....####.....####
.# #)%..#####...## #.....#
......# ##.## ##...##
#.#### #.!. ##..# # .####
##..# .. #.### ###


You could see a hound and an orc priest.

Vanquished Creatures
  A two-headed ogre (D:8)
  Maurice (D:8)
  2 hungry ghosts (D:8)
  An ice beast (D:5)
  2 sky beasts
  An orc warrior (D:6)
  4 ogres
  A phantom (D:5)
  A centaur (D:5)
  A big kobold (D:8)
  A bullfrog (D:6)
  2 gnoll sergeants (D:8)
  2 scorpions
  5 killer bees (D:7)
  A howler monkey (D:7)
  2 jellies
  3 crimson imps
  2 centaur zombies
  Crazy Yiuf (D:4)
  2 orc priests
  6 hounds
  2 bullfrog skeletons
  Natasha (thrice) (D:4)
  2 iguanas
  An orc wizard (D:5)
  2 worker ants
  A hound zombie (D:7)
  A hound skeleton (D:8)
  A worker ant zombie (D:6)
  A howler monkey skeleton (D:5)
  14 gnolls
  9 adders
  A shadow imp (D:8)
  An ooze (D:5)
  An adder skeleton (D:4)
  5 worms
  4 leopard geckos
  23 orcs
  6 bats
  2 giant cockroaches
  19 goblins
  18 hobgoblins
  14 jackals
  12 kobolds
  4 quokkas
  A ball python (D:1)
  2 frilled lizards
  A leopard gecko skeleton (D:5)
  7 rats
200 creatures vanquished.

Notes
Turn   | Place    | Note
-------+----------+-------------------------------------------
     0 | D:1      | Llamajah the Formicid Fighter began the quest for the Orb.
     0 | D:1      | Reached XP level 1. HP: 18/18 MP: 1/1
    30 | D:1      | Reached XP level 2. HP: 21/24 MP: 2/2
    43 | D:1      | Reached skill level 1 in Dodging
    45 | D:1      | Reached XP level 3. HP: 12/29 MP: 3/3
   285 | D:1      | Reached XP level 4. HP: 13/35 MP: 4/4
   946 | D:2      | Found an ancient bone altar of Kikubaaqudgha.
   948 | D:2      | Reached XP level 5. HP: 42/42 MP: 5/5
  1676 | D:3      | Found a blossoming altar of Fedhas.
  1979 | D:3      | Reached XP level 6. HP: 48/48 MP: 6/6
  2436 | D:4      | Found a glowing golden altar of the Shining One.
  2535 | D:4      | Noticed Natasha
  2550 | D:4      | Killed Natasha
  2630 | D:4      | Noticed Natasha
  2633 | D:4      | Killed Natasha
  2651 | D:4      | Found a runed door.
  2664 | D:4      | Noticed Natasha
  2673 | D:4      | Killed Natasha
  2673 | D:4      | Reached XP level 7. HP: 54/55 MP: 7/7
  2933 | D:4      | Noticed Crazy Yiuf
  2937 | D:4      | Killed Crazy Yiuf
  2972 | D:5      | Entered Level 5 of the Dungeon
  3671 | D:5      | Reached skill level 5 in Shields
  3671 | D:5      | Reached XP level 8. HP: 58/61 MP: 8/8
  3706 | D:5      | Reached skill level 5 in Armour
  3845 | D:5      | Reached skill level 5 in Fighting
  3930 | D:6      | Reached skill level 5 in Dodging
  4222 | D:6      | Found a burning altar of Makhleb.
  4299 | D:6      | Found an iron altar of Okawaru.
  4310 | D:6      | Became a worshipper of Warmaster Okawaru
  4660 | D:6      | Reached XP level 9. HP: 52/68 MP: 9/9
  4843 | D:6      | Found a hazy altar of Hepliaklqana.
  4997 | D:7      | Found a staircase to the Ecumenical Temple.
  5138 | D:7      | Reached * piety under Okawaru
  5222 | D:7      | Reached skill level 5 in Axes
  5994 | D:8      | Noticed Maurice
  6014 | D:8      | Killed Maurice
  6014 | D:8      | Reached ** piety under Okawaru
  6168 | D:8      | Reached XP level 10. HP: 66/77 MP: 10/10
  6854 | D:8      | Noticed a two-headed ogre
  6886 | D:8      | Killed a two-headed ogre
  6887 | D:8      | Reached *** piety under Okawaru
  6896 | D:8      | Killed from afar by an orc priest

Skill      XL: |  1  2  3  4  5  6  7  8  9 10 |
---------------+-------------------------------+-----
Dodging        | 1 2 3 4 5 7 |  7.7
Armour         | 4 5 6 7 |  7.3
Fighting       | 4 5 6 7 |  7.3
Axes           | 3 4 5 6 |  6.1
Shields        | 4 5 6 7 |  7.4

Action                   |  1- 3 |  4- 6 |  7- 9 | 10-12 || total
-------------------------+-------+-------+-------+-------++-------
Melee: War axe           |    59 |   186 |       |       ||   245
       Broad axe         |       |   124 |   482 |    81 ||   687
 Abil: Dig               |     6 |     2 |       |       ||     8
Evoke: Wand              |       |       |       |     4 ||     4
  Use: Potion            |       |       |       |     1 ||     1
  Eat: Chunk             |       |     7 |    11 |     3 ||    21
       Meat ration       |       |       |     1 |     1 ||     2
       Bread ration      |       |       |     1 |       ||     1
Armor: Scale mail        |    17 |    33 |       |       ||    50
       Chain mail        |       |   109 |   236 |    34 ||   379
Dodge: Dodged            |    19 |   106 |   151 |    39 ||   315
Block: Shield            |    32 |   182 |   297 |    55 ||   566
